 Dungeon Crawl Stone Soup version 0.21.1-1-g345015fe64 (webtiles) character file.

4965 JOKERXD40 the Cleaver (level 10, -1/91 HPs)
             Began as a Minotaur Berserker on June 12, 2018.
             Was a High Priest of Trog.
             Slain by an ice beast (3 damage)
             ... summoned by a deep elf mage
             ... in a bailey.
             The game lasted 00:33:12 (5371 turns).

JOKERXD40 the Cleaver (Minotaur Berserker)          Turns: 5371, Time: 00:33:13

Health: -1/91      AC: 16    Str: 24    XL:     10   Next: 28%
Magic:  9/9        EV: 15    Int:  4    God:    Trog [*****.]
Gold:   269        SH:  0    Dex: 16    Spells: 9/9 levels left

rFire    . . .     SeeInvis +   s - +0 war axe
rCold    . . .     Gourm    .   (no shield)
rNeg     . . .     Faith    .   E - +0 plate armour
rPois    .         Spirit   .   (helmet restricted)
rElec    .         Reflect  .   v - +0 cloak
rCorr    +         Harm     .   t - +0 pair of gloves
MR       .....                  (no boots)
Stlth    ..........             (no amulet)
HPRegen  0.25/turn              b - ring of see invisible
MPRegen  0.11/turn              p - ring of resist corrosion

@: agile
A: retaliatory headbutt, horns 2
a: Berserk, Trog's Hand, Brothers in Arms, Burn Spellbooks, Renounce Religion


You were in a bailey.
You worshipped Trog.
Trog was extremely pleased with you.
You were hungry.

You visited 2 branches of the dungeon, and saw 9 of its levels.
You also visited: Sewer and Bailey.

You collected 269 gold pieces.

Inventory:

Hand Weapons
 s - a +0 war axe (weapon)
Missiles
 a - 5 tomahawks of returning (quivered)
 d - 205 stones
 j - 6 tomahawks
Armour
 t - a +0 pair of gloves (worn)
 v - a +0 cloak (worn)
 E - a +0 plate armour (worn)
Jewellery
 b - a ring of see invisible (left hand)
 i - an uncursed ring of protection from cold
 p - a ring of resist corrosion (right hand)
 F - an uncursed ring of positive energy
 H - a cursed -3 ring of intelligence {unknown}
Wands
 A - a wand of paralysis (7)
Scrolls
 g - 2 scrolls of teleportation
 n - a scroll of fear {unknown}
 q - 5 scrolls of remove curse
 r - a scroll of magic mapping {unknown}
 u - a scroll of summoning {unknown}
 w - a scroll of fog {unknown}
 x - a scroll of random uselessness {unknown}
 y - a scroll of identify
 B - 2 scrolls of noise {unknown}
 D - a scroll of brand weapon {unknown}
 G - a scroll of immolation {unknown}
Potions
 e - 4 potions of agility
 f - 3 potions of lignification {unknown}
 h - 2 potions of flight {unknown}
 k - 4 potions of brilliance
 l - a potion of haste {unknown}
 m - 2 potions of curing {unknown}
 o - 4 potions of might
 z - a potion of resistance
 C - a potion of degeneration {unknown}
 I - a potion of heal wounds {unknown}
Comestibles
 c - 6 rations


   Skills:
 + Level 9.3 Fighting
 + Level 13.0 Axes
 + Level 1.3 Throwing
 + Level 8.0 Armour
 + Level 4.9 Dodging
 + Level 1.3 Stealth


You had 9 spell levels left.
You didn't know any spells.

Dungeon Overview and Level Annotations

Branches:
Dungeon (8/15)             Temple (1/1) D:5
   Lair: D:8-11

Altars:
Ashenzari
Cheibriados
Dithmenos
Elyvilon
Gozag
Hepliaklqana
Kikubaaqudgha
Makhleb
Nemelex Xobeh
Okawaru
Ru
Sif Muna
Uskayaw
Vehumet
Wu Jian
Xom
Yredelemnul
The Shining One


Innate Abilities, Weirdness & Mutations

You reflexively headbutt those who attack you in melee.
You have a pair of horns on your head.


Message History

The deep elf mage gestures at you while chanting.
The shard of ice hits you!
You are too injured to fight recklessly!
You are too injured to fight recklessly!
As you read the scroll of teleportation, it crumbles to dust.
You feel strangely unstable. The ice beast hits you. The ice beast freezes you!
* * * LOW HITPOINT WARNING * * *
The deep elf mage mumbles some strange words.
The deep elf mage blinks!
You feel agile all of a sudden. The ice beast hits you.
* * * LOW HITPOINT WARNING * * *
The ice beast freezes you!
* * * LOW HITPOINT WARNING * * *
The deep elf mage casts a spell at you. The bolt of cold hits you!
* * * LOW HITPOINT WARNING * * *
Your surroundings seem slightly different.
The ice beast hits you.
You die...

##..##..∩..#
#....#.....#
#..).##...##
##..##'####
###...##
#.e...#
#..∩..#
#.....#
##.§@Y#
#####Y# #..
.... ....#
..e.# ..##
##.


You could see 2 deep elf magi and 2 ice beasts.

Vanquished Creatures
  Erica (D:8)
  3 deep elf magi (Bailey)
  The ghost of LevaFresel the Slasher, a novice HuFi (D:5)
  Grinder (D:4)
  Sigmund (D:3)
  Grum (D:8)
  2 orc warriors
  2 ogres
  An ice beast (D:5)
  A phantom (D:5)
  2 necrophages
  3 wolves (D:8)
  3 centaurs
  A bullfrog (D:8)
  2 scorpions (D:5)
  4 killer bees (D:7)
  A crimson imp (D:6)
  A howler monkey (D:4)
  2 jellies
  2 hounds (D:4)
  A bullfrog skeleton (D:6)
  3 orc priests
  An iguana (D:3)
  4 orc wizards
  4 worker ants
  A worker ant zombie (D:5)
  12 adders
  3 shadow imps (D:7)
  2 oozes
  An adder skeleton (D:6)
  A worm (D:4)
  A dart slug (D:3)
  4 leopard geckos
  21 orcs
  3 ball pythons (Sewer)
  3 giant cockroaches (Sewer)
  13 goblins
  2 hobgoblins
  2 jackals (D:3)
  18 kobolds
  2 quokkas (D:7)
  14 bats
  6 frilled lizards
  A leopard gecko skeleton (D:4)
  A leopard gecko zombie (D:5)
  A quokka skeleton (D:6)
  4 rats
  5 fungi (D:5)
  A plant (Sewer)
170 creatures vanquished.

Notes
Turn   | Place    | Note
-------+----------+-------------------------------------------
     0 | D:1      | JOKERXD40 the Minotaur Berserker began the quest for the Orb.
     0 | D:1      | Reached XP level 1. HP: 19/19 MP: 0/0
    41 | D:1      | Reached XP level 2. HP: 5/27 MP: 1/1
   306 | D:1      | Reached skill level 4 in Axes
  1060 | D:3      | Reached XP level 3. HP: 34/34 MP: 2/2
  1198 | D:3      | Reached XP level 4. HP: 17/41 MP: 3/3
  1317 | D:3      | Reached skill level 5 in Axes
  1394 | D:3      | Reached ** piety under Trog
  1470 | D:3      | Noticed Sigmund
  1622 | D:3      | Killed Sigmund
  1622 | D:3      | Reached skill level 5 in Fighting
  1622 | D:3      | Reached skill level 6 in Axes
  1622 | D:3      | Reached XP level 5. HP: 48/48 MP: 4/4
  1654 | D:4      | Reached XP level 6. HP: 55/56 MP: 5/5
  1852 | D:4      | Found a glowing drain.
  1864 | Sewer    | Entered a sewer
  2229 | D:4      | Reached *** piety under Trog
  2229 | D:4      | Reached skill level 7 in Axes
  2290 | D:4      | Noticed Grinder
  2290 | D:4      | Paralysed by Grinder for 7 turns
  2302 | D:4      | Paralysed by Grinder for 6 turns
  2313 | D:4      | Killed Grinder
  2313 | D:4      | Reached XP level 7. HP: 29/62 MP: 6/6
  2491 | D:5      | Entered Level 5 of the Dungeon
  2647 | D:5      | Found a hazy altar of Hepliaklqana.
  2649 | D:5      | Found a shimmering altar of Xom.
  2649 | D:5      | Noticed a yak
  2660 | D:5      | Reached skill level 8 in Axes
  2670 | D:5      | Noticed a spectral ugly thing
  2670 | D:5      | Noticed a yak
  2870 | D:5      | Reached skill level 5 in Armour
  2935 | D:5      | Noticed LevaFresel's ghost (novice HuFi)
  3223 | D:5      | Reached XP level 8. HP: 62/71 MP: 7/7
  3232 | D:5      | Received a gift from Trog
  3414 | D:5      | Found a staircase to the Ecumenical Temple.
  3421 | Temple   | Entered the Ecumenical Temple
  3689 | D:5      | Killed LevaFresel's ghost
  3689 | D:5      | Reached skill level 9 in Axes
  3772 | D:6      | Found a white marble altar of Elyvilon.
  3773 | D:6      | Found a burning altar of Makhleb.
  3773 | D:6      | Found an opulent altar of Gozag.
  3801 | D:6      | Found a glowing golden altar of the Shining One.
  3823 | D:6      | Found a sparkling altar of Nemelex Xobeh.
  3860 | D:6      | Reached skill level 1 in Throwing
  3951 | D:6      | Reached skill level 10 in Axes
  4011 | D:6      | Reached **** piety under Trog
  4123 | D:7      | Reached skill level 1 in Stealth
  4123 | D:7      | Reached XP level 9. HP: 30/79 MP: 8/8
  4775 | D:8      | Noticed Grum
  4781 | D:8      | Reached skill level 11 in Axes
  4789 | D:8      | Killed Grum
  4932 | D:8      | Noticed Erica
  4945 | D:8      | Killed Erica
  4945 | D:8      | Reached ***** piety under Trog
  4945 | D:8      | Reached skill level 12 in Axes
  5005 | D:8      | Found a flagged portal.
  5320 | Bailey   | Entered a bailey
  5329 | Bailey   | Noticed a deep elf mage
  5341 | Bailey   | Killed a deep elf mage
  5341 | Bailey   | Reached XP level 10. HP: 91/91 MP: 9/9
  5349 | Bailey   | Noticed a deep elf mage
  5351 | Bailey   | Noticed a deep elf mage
  5355 | Bailey   | Killed a deep elf mage
  5356 | Bailey   | Noticed a deep elf mage
  5362 | Bailey   | Killed a deep elf mage
  5362 | Bailey   | Reached skill level 13 in Axes
  5363 | Bailey   | Noticed a deep elf mage
  5370 | Bailey   | HP: 2/91 [deep elf mage/bolt of cold (11)]
  5371 | Bailey   | Slain by an ice beast

Skill      XL: |  1  2  3  4  5  6  7  8  9 10 |
---------------+-------------------------------+-----
Axes           | 4 6 7 8 10 12 13 | 13.0
Fighting       | 4 5 6 7 9 |  9.3
Armour         | 3 4 5 6 7 8 |  8.0
Dodging        | 3 4 |  4.9
Throwing       | 1 |  1.3
Stealth        | 1 |  1.3

Action                   |  1- 3 |  4- 6 |  7- 9 | 10-12 || total
-------------------------+-------+-------+-------+-------++-------
Melee: Hand axe          |    51 |    22 |       |       ||    73
       Headbutt          |    12 |    18 |    65 |     6 ||   101
       War axe           |       |    91 |   237 |    18 ||   346
Throw: Tomahawk          |       |       |     4 |       ||     4
Invok: Berserk           |       |       |     3 |       ||     3
       Burn Spellbooks   |       |       |     2 |       ||     2
       Trog's Hand       |       |       |     1 |       ||     1
  Use: Scroll            |     4 |     2 |     6 |     1 ||    13
       Potion            |       |       |       |     1 ||     1
  Eat: Chunk             |     1 |       |     3 |       ||     4
       Ration            |       |     1 |     3 |       ||     4
Armor: Animal skin       |     9 |       |       |       ||     9
       Leather armour    |     6 |     4 |       |       ||    10
       Ring mail         |       |    32 |    47 |       ||    79
       Plate armour      |       |       |    67 |     3 ||    70
Dodge: Dodged            |    32 |    68 |   115 |     3 ||   218
